 Dungeon Crawl Stone Soup version 0.26-a0-710-g95a0c6c400 (webtiles) character file.

Game seed: 6116357712142792239

9 Glokmah the Caller (level 2, -1/20 HPs)
             Began as a Merfolk Summoner on Oct 30, 2020.
             Slain by a hobgoblin (3 damage)
             ... on level 1 of the Dungeon.
             The game lasted 00:02:25 (542 turns).

Glokmah the Caller (Merfolk Summoner)                Turns: 542, Time: 00:02:25

Health: -1/20      AC:  2    Str:  8    XL:     2   Next: 16%
Magic:  1/5        EV: 13    Int: 14    God:
Gold:   58         SH:  0    Dex: 14    Spells: 4/5 levels left

rFire    . . .     SeeInvis .   d - +0 club
rCold    . . .     Faith    .   (no shield)
rNeg     . . .     Spirit   .   a - +0 robe
rPois    .         Reflect  .   (no helmet)
rElec    .         Harm     .   (no cloak)
rCorr    .         Rampage  .   (no gloves)
MR       .....                  (no boots)
Stlth    ++........             (no amulet)
HPRegen  0.06/turn              (no ring)
MPRegen  0.09/turn              (no ring)

@: no status effects
A: change form in water, swift swim, stealthy swim
a: no special abilities


You were on level 1 of the Dungeon.
You visited 1 branch of the dungeon, and saw 1 of its levels.

You collected 58 gold pieces.

Inventory:

Hand Weapons
 d - a +0 club (weapon)
Missiles
 c - 28 stones (quivered)
Armour
 a - a +0 robe (worn)
Scrolls
 b - a scroll of identify {unknown}


   Skills:
 + Level 0.6 Fighting
 + Level 2.9 Dodging
 - Level 2.1 Stealth
 + Level 2.1 Spellcasting
 * Level 4.2 Summonings


You had 4 spell levels left.
You knew the following spells:

 Your Spells              Type           Power        Failure   Level
a - Summon Small Mammal   Summ           ##..         4%          1

Your spell library contained the following spells:

 Spells                   Type           Power        Failure   Level
 Call Imp                 Summ           ##......     6%          2
 Call Canine Familiar     Summ           ##......     13%         3
 Summon Guardian Golem    Hex/Summ       #.......     30%         3
 Summon Ice Beast         Ice/Summ       #.......     69%         4
 Summon Lightning Spire   Summ/Air       #.......     69%         4


Dungeon Overview and Level Annotations

Branches:
Dungeon (1/15)

Altars:


Message History

Your bat closely misses the hobgoblin.
The hobgoblin hits you.
* * * LOW HITPOINT WARNING * * *
The hobgoblin barely misses your bat.
Your bat hits the hobgoblin. The hobgoblin closely misses you.
You hit the hobgoblin but do no damage.
The hobgoblin is severely wounded.
Your bat hits the hobgoblin.
Your bat hits the hobgoblin but does no damage. x2
Your bat barely misses the hobgoblin. x2; The hobgoblin hits your bat.
The hobgoblin closely misses you.
You hit the hobgoblin but do no damage.
The hobgoblin is almost dead.
Your bat barely misses the hobgoblin.
Your bat closely misses the hobgoblin.
Your bat hits the hobgoblin.
The hobgoblin dies!
The hobgoblin misses your bat.
Your bat barely misses the hobgoblin.
Your bat closely misses the hobgoblin.
Your bat hits the hobgoblin. Your bat hits the hobgoblin.
The hobgoblin hits you.
You die...

....#+##..#.#
#....#..#...#.#.#.
#.......#(####....#..#.#.#.#.#.
#.g..g.##.........#..#.###.#.#.
#.gb..g##.........#..#....[....
#.#'##g##.........#..#####.#.##
#.##g##.#..###...............
#.##b##†##b###.###.##########
#.##.##g##bg#+.+#+.#
#.##.##b####@###.### #......g#
#.'.'.# #.####...b# ###.###
+.........+ #<# ##.###....# ###
.. #....# #..#....####.
.##..#......... .....#.....###.


You could see a hobgoblin and 2 friendly bats.

Vanquished Creatures
  A bat (D:1)
1 creature vanquished.

Vanquished Creatures (collateral kills)
  4 goblins (D:1)
  2 hobgoblins (D:1)
  2 jackals (D:1)
  2 bats (D:1)
  A frilled lizard (D:1)
11 creatures vanquished.

Grand Total: 12 creatures vanquished

Notes
Turn   | Place    | Note
-------+----------+-------------------------------------------
     0 | D:1      | Glokmah the Merfolk Summoner began the quest for the Orb.
     0 | D:1      | Reached XP level 1. HP: 13/13 MP: 3/3
   525 | D:1      | Reached XP level 2. HP: 4/20 MP: 1/5
   542 | D:1      | Slain by a hobgoblin

Illustrated notes

Levels and vault maps discovered:
D:1:      erik_arrival_triangle_small, layout_basic

Action                   || total
-------------------------++-------
Melee: Club              ||    21
 Cast: Summon Small Mamm ||    15
Armor: Robe              ||    11
Dodge: Dodged            ||    58

Table legend: (Time is in decaauts)
 A = Elapsed time spent in this place.
 B = Non-inter-level travel time spent in this place.
 C = Inter-level travel time spent in this place.
 D = Time resting spent in this place.
 E = Time spent auto-exploring this place.
 F = Levels seen in this place.
 G = Mean time per level.
                   A        B        C        D        E       F      G
               +--------+--------+--------+--------+--------+-----+--------+
         Total |    547 |    547 |      0 |    279 |     97 |   1 |  547.0 |
       Dungeon |    547 |    547 |      0 |    279 |     97 |   1 |  547.0 |
               +--------+--------+--------+--------+--------+-----+--------+

Top non-repeatable levels by time:
     D:1: 547 daAuts
